Map: Odyssey LE

Players

DnS - Winner!

  • Race: Protoss Protoss
  • Spawn Location: 5:00

Zanster

  • Race: Zerg Zerg
  • Spawn Location: 11:00

Event: WCS Montreal 2017

VOD

Have the link to the VOD?

Description

Time

  • Played on: Sept. 8, 2017, 3:32 p.m.
  • Length: 18:35

All games in this series

Show
View Real Time Build Order
Export as new Build Order

DnS Protoss - Winner!

Build Orders: 1 Gate Expand, Oracle Opening, Archon Immortal, Carriers, Zealot Archon 

Get SALT Encoding   

  12  0:00  Probe (Chrono Boost)  
  13  0:11  Probe (Chrono Boost)  
  14  0:17  Pylon  
  14  0:22  Probe (Chrono Boost)  
  16  0:36  Probe (Chrono Boost)  
  16  0:40  Gateway  
  16  0:46  Probe (Chrono Boost)  
  16  0:47  Assimilator  
  17  0:57  Probe (Chrono Boost)  
  18  1:07  Probe (Chrono Boost)  
  19  1:20  Nexus  
  19  1:23  Probe (Chrono Boost)  
  20  1:32  Cybernetics Core  
  20  1:36  Probe (Chrono Boost)  
  21  1:41  Assimilator  
  21  1:46  Probe (Chrono Boost)  
  22  1:49  Pylon  
  22  1:57  Probe (Chrono Boost)  
  23  2:07  Probe  
  26  2:08  Adept (Chrono Boost)  
  26  2:19  Probe  
  26  2:22  Stargate  
  27  2:30  Probe  
  27  2:31  Probe  
  27  2:33  Adept (Chrono Boost)  
  31  2:41  Probe  
  31  2:43  Probe, Warp Gate  
  33  2:52  Probe (Chrono Boost)  
  33  2:56  Probe (Chrono Boost), Zealot (Chrono Boost)  
  33  2:57  Pylon  
  37  3:04  Probe (Chrono Boost)  
  37  3:05  Probe (Chrono Boost)  
  38  3:06  Oracle (Chrono Boost)  
  42  3:15  Probe x2  
  44  3:26  Probe  
  44  3:27  Probe  
  46  3:36  Probe, Nexus  
  46  3:40  Probe, Pylon  
  48  3:44  Oracle (Chrono Boost)  
  48  3:47  Probe  
  51  3:52  Probe  
  51  3:53  Gateway  
  53  3:58  Gateway  
  53  4:00  Probe  
  54  4:04  Probe  
  55  4:10  Probe  
  55  4:16  Probe (Chrono Boost)  
  57  4:19  Assimilator  
  57  4:20  Assimilator, Pylon  
  57  4:22  Probe (Chrono Boost)  
  57  4:24  Phoenix  
  60  4:28  Mothership Core (Chrono Boost)  
  62  4:33  Twilight Council  
  62  4:35  Forge  
  62  4:39  Probe (Chrono Boost)  
  63  4:46  Probe (Chrono Boost)  
  63  4:49  Probe (Chrono Boost)  
  63  4:51  Probe (Chrono Boost)  
  66  4:53  Robotics Facility  
  66  4:57  Probe (Chrono Boost), Charge  
  68  5:00  Probe (Chrono Boost), Protoss Ground Weapons Level 1 (Chrono Boost)  
  68  5:01  Probe (Chrono Boost)  
  69  5:07  Probe (Chrono Boost)  
  69  5:10  Probe  
  69  5:11  Probe  
  72  5:16  Gateway  
  72  5:19  Probe  
  73  5:22  Probe x2, Gateway  
  73  5:23  Gateway  
  73  5:25  Gateway  
  75  5:29  Gateway  
  75  5:31  Pylon  
  75  5:32  Probe  
  76  5:40  Zealot x3  
  82  5:43  Warp Prism (Chrono Boost)  
  82  5:45  Probe  
  82  5:49  Probe  
  86  5:50  Pylon  
  86  5:57  Probe  
  86  5:59  Probe  
  86  6:00  Pylon x2  
  86  6:03  Pylon  
  88  6:08  Zealot x3  
  88  6:09  Probe, Pylon  
  95  6:12  Zealot  
  97  6:21  Zealot  
  97  6:22  Zealot x2  
  97  6:24  Probe x2  
  105  6:25  Assimilator  
  105  6:27  Assimilator  
  105  6:30  Warp Prism (Chrono Boost)  
  107  6:38  Probe, Pylon  
  108  6:51  Zealot x8  
  114  7:04  Observer (Chrono Boost)  
  114  7:05  Templar Archives  
  102  7:16  Zealot x8  
  102  7:21  Immortal (Chrono Boost)  
  94  7:32  Psionic Storm  
  94  7:33  Protoss Ground Weapons Level 2  
  90  7:37  Zealot x3  
  90  7:38  Zealot  
  90  7:39  Pylon  
  90  7:41  High Templar x4, Pylon  
  90  7:42  High Templar x4  
  106  7:46  Archon x2  
  106  7:48  Robotics Facility  
  106  7:52  Immortal  
  106  7:55  Photon Cannon  
  106  7:57  Photon Cannon  
  110  8:05  Pylon  
  110  8:13  Zealot x3  
  110  8:14  Zealot x4  
  110  8:16  Zealot  
  125  8:27  Immortal (Chrono Boost)  
  129  8:36  High Templar  
  129  8:37  High Templar x3  
  129  8:38  Zealot  
  129  8:39  Zealot  
  129  8:40  Archon  
  139  8:47  Immortal (Chrono Boost)  
  139  8:48  Mothership Core  
  115  8:52  Zealot x2  
  117  8:59  Zealot x2  
  119  9:10  High Templar x2, Zealot  
  119  9:11  Zealot  
  119  9:13  Immortal (Chrono Boost)  
  119  9:14  Archon  
  119  9:15  Zealot  
  125  9:17  Zealot  
  127  9:26  Immortal (Chrono Boost)  
  131  9:39  High Templar x2  
  131  9:40  Nexus  
  131  9:42  Pylon  
  131  9:44  Archon  
  135  9:46  Probe x3, Pylon  
  135  9:48  Pylon  
  138  9:55  Zealot  
  138  9:59  Pylon  
  140  10:00  Pylon  
  140  10:02  Pylon  
  140  10:04  Photon Cannon, Immortal (Chrono Boost), Pylon  
  142  10:07  Photon Cannon  
  142  10:09  Photon Cannon  
  146  10:15  Immortal (Chrono Boost)  
  146  10:18  Zealot x3  
  146  10:19  High Templar  
  146  10:20  High Templar  
  156  10:24  Archon  
  156  10:25  High Templar x2, Assimilator  
  160  10:29  Archon  
  160  10:39  Gateway  
  160  10:40  Gateway  
  160  10:43  Pylon  
  160  10:45  Gateway  
  160  10:48  High Templar x2, Zealot x2  
  168  10:52  Archon  
  168  10:55  Zealot x2  
  160  11:05  High Templar x2  
  160  11:09  Archon  
  162  11:26  Immortal x2 (Chrono Boost)  
  162  11:30  Zealot x6, Gateway  
  162  11:31  Gateway  
  180  11:34  Gateway  
  170  11:46  Stargate  
  166  11:50  Fleet Beacon  
  158  12:02  Immortal x2 (Chrono Boost)  
  158  12:06  High Templar x2  
  170  12:11  Archon  
  165  12:34  Carrier x2  
  165  12:36  Pylon  
  177  12:38  Stargate  
  176  12:45  Zealot x2  
  176  12:46  Zealot x4  
  186  12:56  Zealot x7  
  166  13:10  Graviton Catapult  
  160  13:13  Zealot  
  160  13:15  Cybernetics Core  
  162  13:24  Carrier  
  162  13:28  High Templar x2  
  162  13:30  Pylon  
  162  13:32  Archon  
  166  13:38  Zealot  
  166  13:39  Zealot x4  
  182  13:53  Zealot  
  190  14:03  Carrier (Chrono Boost)  
  190  14:11  Pylon  
  190  14:17  Nexus  
  188  14:21  Pylon  
  188  14:28  Zealot x7  
  194  14:33  Carrier (Chrono Boost)  
  200  14:40  Assimilator  
  200  14:41  Assimilator  
  200  14:43  Protoss Air Weapons Level 1 (Chrono Boost)  
  200  14:44  Photon Cannon  
  194  14:46  Photon Cannon  
  194  14:50  Photon Cannon  
  194  14:51  Carrier (Chrono Boost)  
  194  14:52  Photon Cannon  
  198  14:58  Stargate  
  194  15:02  Assimilator  
  194  15:16  Photon Cannon  
  194  15:18  Photon Cannon  
  194  15:20  Photon Cannon  
  194  15:22  Stargate, Photon Cannon  
  194  15:25  Pylon  
  200  15:40  Carrier (Chrono Boost)  
  200  15:48  Dark Shrine  
  196  16:42  Nexus  
  196  16:46  Zealot, Pylon  
  195  17:05  Cybernetics Core  
  175  17:20  Nexus, Dark Templar x2  
  175  17:21  Zealot x11  
  197  17:27  Assimilator  
  193  17:42  Assimilator  
  193  17:54  Dark Templar  
  175  18:03  Zealot  
  141  18:07  Dark Templar x2  
  144  18:15  Zealot x2  
  144  18:16  Zealot x9  
  153  18:32  Pylon  
Show
View Real Time Build Order
Export as new Build Order

Zanster Zerg 

Build Orders: Hatch First 

Get SALT Encoding   

  12  0:00  Drone  
  13  0:13  Overlord  
  13  0:17  Drone  
  14  0:32  Drone x2  
  16  0:36  Drone  
  17  0:52  Hatchery  
  17  0:55  Drone  
  17  0:58  Drone  
  18  1:09  Extractor  
  17  1:13  Spawning Pool  
  17  1:15  Drone  
  17  1:19  Drone  
  18  1:29  Drone  
  19  1:40  Drone  
  20  1:50  Overlord  
  20  2:01  Queen  
  22  2:04  Queen  
  22  2:05  Zergling x4  
  26  2:08  Metabolic Boost  
  26  2:16  Drone  
  26  2:19  Drone  
  28  2:24  Drone  
  29  2:33  Hatchery  
  29  2:35  Drone  
  29  2:37  Drone  
  30  2:44  Queen  
  30  2:47  Zergling x2  
  33  2:52  Overlord  
  33  2:55  Drone  
  33  2:56  Drone  
  35  2:59  Drone  
  36  3:13  Drone  
  36  3:14  Drone x2  
  36  3:15  Drone  
  36  3:16  Drone x3  
  36  3:18  Overlord  
  43  3:23  Zergling x2  
  44  3:35  Spore Crawler  
  44  3:36  Overlord, Drone  
  44  3:38  Queen  
  44  3:40  Spore Crawler  
  45  3:46  Drone x4  
  49  3:50  Drone  
  49  3:51  Drone  
  49  3:52  Drone  
  49  3:55  Overlord  
  52  3:59  Drone  
  52  4:03  Drone x3  
  52  4:07  Extractor  
  52  4:09  Drone  
  53  4:10  Spore Crawler  
  53  4:13  Spore Crawler  
  50  4:20  Lair  
  50  4:21  Drone  
  50  4:23  Baneling Nest, Drone, Evolution Chamber  
  51  4:24  Drone  
  51  4:26  Drone  
  51  4:30  Drone x2  
  51  4:31  Drone  
  56  4:33  Drone  
  56  4:35  Drone  
  56  4:36  Drone  
  59  4:39  Overlord  
  59  4:41  Drone  
  59  4:45  Extractor  
  59  4:46  Drone x2  
  59  4:48  Extractor, Drone  
  59  4:49  Drone  
  59  4:52  Overlord  
  62  4:53  Drone  
  62  4:55  Drone  
  62  4:57  Drone  
  65  5:00  Drone x2  
  65  5:01  Drone  
  65  5:05  Overlord  
  67  5:08  Zerg Melee Weapons Level 1  
  67  5:10  Drone x3  
  67  5:14  Overlord  
  70  5:17  Overlord  
  70  5:21  Drone  
  70  5:22  Drone x3  
  70  5:23  Hydralisk Den, Drone  
  70  5:27  Drone  
  70  5:28  Extractor, Centrifical Hooks  
  74  5:31  Overlord  
  72  5:37  Drone  
  72  5:39  Drone x2  
  75  5:42  Drone  
  75  5:43  Hatchery  
  74  5:50  Zergling x4  
  74  5:51  Zergling x4  
  74  5:56  Overlord  
  77  6:06  Hydralisk  
  77  6:07  Hydralisk x6  
  77  6:10  Overlord  
  91  6:12  Hydralisk x2  
  95  6:18  Muscular Augments  
  95  6:20  Overlord  
  95  6:21  Overlord  
  95  6:22  Hydralisk  
  95  6:25  Overlord  
  97  6:28  Hydralisk  
  97  6:30  Overlord  
  97  6:32  Zergling x4  
  101  6:37  Baneling  
  101  6:38  Zergling x4, Baneling x6  
  101  6:39  Zergling x2  
  104  6:47  Zergling x4  
  104  6:48  Zergling x12  
  104  6:50  Overlord  
  104  6:51  Baneling x2  
  111  6:59  Zergling x8  
  111  7:00  Baneling  
  111  7:01  Baneling x3  
  111  7:03  Zergling x2  
  111  7:04  Zergling x2  
  113  7:13  Zergling x10  
  113  7:14  Queen  
  106  7:18  Zergling x10  
  106  7:20  Baneling x8  
  109  7:25  Zergling x2  
  102  7:30  Hydralisk x5  
  102  7:36  Zerg Melee Weapons Level 2  
  112  7:39  Hydralisk x2  
  112  7:43  Zergling x8  
  112  7:44  Zergling x2  
  121  7:45  Zergling x2  
  121  7:46  Zergling x2  
  123  7:54  Hydralisk  
  123  7:55  Hydralisk  
  123  7:56  Overseer  
  123  7:57  Hydralisk  
  129  8:00  Spore Crawler  
  129  8:04  Hydralisk x2  
  129  8:05  Zergling x2  
  133  8:08  Zergling x2  
  133  8:09  Zergling x2  
  135  8:19  Baneling  
  135  8:20  Baneling x8  
  135  8:21  Zergling x10  
  135  8:22  Zergling x2  
  135  8:30  Overlord  
  131  8:39  Hydralisk x3  
  131  8:40  Zergling x4  
  128  8:46  Hydralisk  
  128  8:47  Zergling x2  
  128  8:48  Zergling x12  
  121  8:49  Baneling  
  120  8:58  Hydralisk  
  120  8:59  Zergling x6  
  122  9:06  Hydralisk  
  122  9:07  Zergling x2  
  120  9:11  Hydralisk x3  
  123  9:28  Baneling x2  
  123  9:29  Baneling x2  
  123  9:30  Baneling  
  123  9:31  Drone x7  
  127  9:32  Drone, Hatchery  
  127  9:34  Drone x2  
  127  9:35  Drone  
  132  9:40  Drone  
  132  9:44  Drone  
  134  9:47  Drone  
  134  9:52  Overlord  
  135  9:59  Pneumatized Carapace  
  132  10:01  Zerg Ground Armor Level 1  
  132  10:05  Drone x2  
  132  10:06  Extractor x2, Drone x3  
  135  10:08  Hydralisk  
  135  10:09  Hydralisk x4  
  135  10:10  Zergling x14  
  152  10:14  Zergling x2  
  152  10:16  Overlord  
  153  10:25  Hydralisk  
  153  10:26  Hydralisk  
  153  10:27  Zergling x12  
  163  10:32  Infestation Pit  
  162  10:37  Overlord  
  162  10:38  Zergling x8  
  162  10:39  Zergling x2  
  162  10:41  Zergling x2  
  168  10:46  Overlord  
  168  10:47  Hatchery  
  158  10:58  Zergling x2  
  158  10:59  Zergling x24  
  158  11:03  Baneling x13  
  163  11:08  Zergling x12  
  168  11:17  Hydralisk  
  168  11:18  Zergling x20  
  178  11:21  Hive  
  178  11:22  Spire  
  178  11:25  Baneling x3  
  175  11:26  Zergling x2, Hydralisk  
  175  11:27  Zergling x8  
  181  11:36  Zergling x4  
  160  11:49  Hydralisk x2  
  160  11:50  Zergling x2, Hydralisk x4  
  160  11:51  Zergling x16  
  177  11:59  Hydralisk x8  
  184  12:12  Hydralisk  
  184  12:13  Hydralisk x6  
  198  12:20  Baneling x4  
  198  12:21  Hatchery  
  197  12:27  Overlord  
  197  12:29  Zergling x2  
  195  12:30  Zergling x10  
  195  12:36  Extractor  
  199  12:37  Extractor  
  199  12:38  Adrenal Glands  
  199  12:39  Zerg Melee Weapons Level 3  
  199  12:41  Overlord  
  199  12:43  Overlord  
  186  12:58  Hydralisk x8  
  165  12:59  Zergling x20  
  159  13:06  Hydralisk x4  
  159  13:09  Zergling x4  
  154  13:15  Zergling x10  
  154  13:30  Greater Spire  
  154  13:34  Zergling x14  
  154  13:35  Zergling x6  
  154  13:40  Hydralisk  
  154  13:41  Hydralisk x3  
  164  13:48  Drone x2  
  164  13:49  Drone x4  
  165  14:07  Hydralisk  
  165  14:08  Zergling x8  
  165  14:09  Corruptor x3  
  177  14:10  Corruptor  
  179  14:19  Corruptor  
  179  14:20  Corruptor x2  
  180  14:30  Zergling x2  
  180  14:31  Zergling x12  
  158  15:00  Corruptor x7  
  158  15:02  Overlord  
  158  15:05  Zerg Flyer Armor Level 1  
  172  15:16  Zerg Ground Armor Level 2  
  172  15:30  Hatchery  
  163  15:38  Brood Lord x5  
  173  15:44  Brood Lord  
  173  15:48  Drone x3  
  178  15:52  Zergling x16  
  160  16:25  Hydralisk  
  160  16:26  Hydralisk x7  
  160  16:27  Zergling x10  
  178  16:38  Zergling x12  
  178  16:39  Zergling x22  
  183  16:58  Overlord x2  
  183  16:59  Corruptor x5  
  183  17:01  Overlord  
  184  17:15  Overseer x2  
  180  17:16  Corruptor x2  
  143  17:46  Hydralisk  
  143  17:47  Hydralisk x3  
  102  18:22  Overseer  
Tags
 
Add a new tag
Caveats
  • Supply blocks, unpowered buildings, or Contaminate may cause inaccurate times.
  • Supply counts are checked every 10 seconds.